 Dungeon Crawl Stone Soup version v1.0-3-g0d6430d (webtiles) character file.

170166 ManMan the Fighter (level 17, -8/72 HPs)
             Began as a Felid Mummy Earth Elementalist on Sept 12, 2018.
             Was a High Priest of Hepliaklqana.
             Shot with an arrow by a naga sharpshooter (15 damage)
             ... on level 3 of the Snake Pit on Sept 13, 2018.
             The game lasted 04:59:46 (75376 turns).

ManMan the Fighter (FMEE)                          Turns: 75376, Time: 04:59:47

Health: -8/72      AC:  0    Str:  4    XL:     17   Next: 11%
Magic:  11/34      EV: 27    Int: 22    God:    Hepliaklqana [*****.]
Gold:   1377       SH:  0    Dex: 20    Spells: 4/41 levels left

rFire    . . .     SeeInvis +   (weapon unavailable)
rCold    + . .     Gourm    .   (shield unavailable)
rNeg     + + +     Faith    +   (armour unavailable)
rPois    ∞         Spirit   .   (helmet unavailable)
rElec    .         Reflect  .   (cloak unavailable)
rCorr    .         Harm     .   (gloves unavailable)
MR       ++...                  (boots unavailable)
Stlth    +++.......             s - amulet of faith
HPRegen  0.22/turn              w - ring of wizardry
MPRegen  0.24/turn              A - ring "Vevun" {rF+ Dex+2 Slay+2 SInv, =R}

@: no status effects
A: very small, no food or potions, fire vulnerability, reduced essence, see
invisible, cold resistance 1, negative energy resistance 3, torment resistance,
unbreathing, in touch with death 1
}: 1/15 runes: decaying
a: Recall Ancestor, Ancestor Identity, Transference, Idealise, Renounce Religion


You were on level 3 of the Snake Pit.
You worshipped Hepliaklqana.
Hepliaklqana was extremely pleased with you.
You were not hungry.

You visited 6 branches of the dungeon, and saw 31 of its levels.
You also visited: Ossuary.

You collected 3383 gold pieces.
You spent 2006 gold pieces at shops.

Inventory:

Missiles
 b - 422 stones
Jewellery
 c - an uncursed ring of protection from cold
 f - an uncursed ring of protection from fire
 m - an uncursed ring of protection from magic
 q - an uncursed ring of protection from cold
 s - an amulet of faith (around neck)
 v - an uncursed amulet of guardian spirit
 w - a ring of wizardry (left paw)
 A - the ring "Vevun" (right paw) {rF+ Dex+2 Slay+2 SInv, =R}
   (You bought it in a shop on level 2 of the Orcish Mines)

   [ring of slaying]

   It affects your dexterity (+2).
   It affects your accuracy and damage with ranged weapons and melee attacks
   (+2).
   It protects you from fire.
   It lets you see invisible.
Wands
 e - a wand of paralysis (16)
 i - a wand of acid (13) {@v2}
 l - a wand of digging (23) {@v1}
 o - a wand of polymorph (42)
 p - a wand of disintegration (25)
 u - a wand of iceblast (9) {@v4}
 x - a wand of flame (35)
Scrolls
 a - 11 scrolls of identify {@r1}
 d - 2 scrolls of magic mapping
 g - 12 scrolls of remove curse {@r2}
 h - 5 scrolls of fog
 j - 3 scrolls of vulnerability
 k - 11 scrolls of teleportation {@r3}
 n - a scroll of noise
 r - 3 scrolls of silence
 y - 3 scrolls of blinking {@r4}
 z - 2 scrolls of fear
 D - 2 scrolls of amnesia
 E - a scroll of summoning
 F - 4 scrolls of immolation
Miscellaneous
 t - a fan of gales
 B - a phial of floods


   Skills:
 * Level 13.0 Fighting
 * Level 10.4 Dodging
 - Level 1.5 Stealth
 + Level 12.7 Spellcasting
 + Level 10.6 Conjurations
 - Level 4.0 Charms
 - Level 5.1 Summonings
 - Level 3.0 Translocations
 - Level 2.1 Transmutations
 - Level 3.1 Fire Magic
 - Level 5.0 Air Magic
 + Level 12.0 Earth Magic
 - Level 1.0 Poison Magic
 - Level 8.7 Invocations
 - Level 3.0 Evocations


You had 4 spell levels left.
You knew the following spells:

 Your Spells              Type           Power        Failure   Level  Hunger
a - Sandblast             Erth           ######       1%          1    N/A
b - Blink                 Tloc           N/A          1%          2    N/A
c - Conjure Flame         Conj/Fire      #####...     1%          3    N/A
d - Sticky Flame          Conj/Fire      #####...     1%          4    N/A
e - Lee's Rapid Deconstr  Erth           ######....   1%          5    N/A
f - Mephitic Cloud        Conj/Pois/Air  #####...     1%          3    N/A
q - Iron Shot             Conj/Erth      ######....   2%          6    N/A
s - Iskenderun's Battles  Conj/Chrm      #####...     2%          5    N/A
t - Petrify               Tmut/Erth      #####...     1%          4    N/A
x - Summon Lightning Spi  Summ/Air       #####...     2%          4    N/A

Dungeon Overview and Level Annotations

Branches:
Dungeon (15/15)            Temple (1/1) D:7            Lair (6/6) D:8
  Swamp (4/4) Lair:3        Snake (3/4) Lair:4        Slime (0/5) Lair:6
    Orc (2/2) D:12            Elf (0/3) Orc:2        Vaults (0/5) D:13
 Depths (0/5) D:15

Altars:
Ashenzari
Cheibriados
Dithmenos
Elyvilon
Fedhas
Gozag
Hepliaklqana
Kikubaaqudgha
Makhleb
Nemelex Xobeh
Okawaru
Qazlal
Ru
Sif Muna
Trog
Uskayaw
Vehumet
Wu Jian
Xom
Yredelemnul
Zin
The Shining One

Shops:
D:6 ?   D:7 :   D:8 *:   Orc:1 (*%   Orc:2 =*[(   Snake:2 }

Annotations:
D:1 exclusion: downstairs
D:2 Terence
D:4 exclusion: 2 downstairs
D:6 exclusion: downstairs
D:7 exclusion: downstairs
D:8 !, Gastronok
D:12 exclusion: oklob plant
D:14 exclusion: 2 downstairs
Lair:1 exclusion: oklob plant
Lair:3 exclusion: 3 oklob plants
Lair:5 exclusion: knight
Swamp:1 exclusion: downstairs
Snake:1 exclusions: downstairs and shock serpent
Snake:2 exclusion: 2 downstairs
Snake:3 exclusion: naga sharpshooter, Bai Suzhen


Innate Abilities, Weirdness & Mutations

You do not eat or drink.
Your flesh is vulnerable to fire.
You are immune to poison.
You have supernaturally acute eyesight. (SInv)
Your flesh is cold resistant. (rC+)
You are immune to negative energy. (rN+++)
You are immune to unholy pain and torment.
You can survive without breathing.
You are in touch with the powers of death.
Your life essence is reduced to manifest your ancestor. (-10% HP)


Message History

The naga sharpshooter shouts!
The naga sharpshooter unwields an uncursed trident.
The naga sharpshooter wields an uncursed shortbow.
The naga sharpshooter mumbles some strange words.
The naga sharpshooter magically shoots an arrow.
The arrow hits you!!
* * * LOW HITPOINT WARNING * * *
A naga mage comes into view. It is wielding a halberd.
You see here 2 arrows.
Enter note: RIP?
Unknown command.
Press: ? - help, v - describe, . - travel
Here: a naga sharpshooter, wielding a shortbow The floor.
As you read the scroll of fog, it crumbles to dust.
The scroll dissolves into smoke.
The naga sharpshooter gestures wildly while chanting.
The naga sharpshooter magically shoots an arrow.
The arrow hits you!
You die...

#. #.# ##.####
..)..# #.##.###
#......
.######.§#§###.###
.......§*@§...S...
######§R#§###.###
#..#.# #.[.#.#
N(...... ......#.#
.......>#.#
....N...#.#
.........


You could see the friendly Cuckold the knight, a naga sharpshooter, an anaconda
(paralysed), a naga mage and a friendly battlesphere.

Vanquished Creatures
  Aizul (Snake:2)
  5 dire elephants
  3 vault guards
  Erolcha (D:9)
  2 naga warriors (Snake:2)
  17 hydras
  A centaur warrior (D:9)
  9 two-headed ogres
  A catoblepas (Lair:6)
  An anaconda (Snake:1)
  2 alligators (Swamp:1)
  A tengu warrior (D:13)
  3 death yaks
  2 naga sharpshooters
  An orc high priest (Orc:2)
  Urug (D:10)
  A shock serpent (Snake:3)
  6 unseen horrors
  A sea snake (Snake:3)
  3 spriggan druids
  A wolf spider zombie (D:12)
  A shambling mangrove (Swamp:2)
  A glowing orange brain (D:15)
  6 swamp dragons
  3 deep elf magi
  An orc knight (Orc:2)
  4 mana vipers
  2 orc sorcerers
  3 ugly things
  2 salamanders
  A salamander (shapeshifter) (D:15)
  A manticore (D:15)
  11 black mambas
  2 centaur zombies
  14 elephants
  2 naga magi
  3 gargoyles
  7 komodo dragons
  2 rime drakes (Lair:3)
  15 spiny frogs
  4 tyrant leeches
  A polar bear (shapeshifter) (D:15)
  2 queen bees
  A troll (D:11)
  A polar bear (Lair:3)
  3 hornets
  11 blink frogs
  9 slime creatures
  10 bog bodies
  7 hippogriffs
  Sigmund (D:4)
  4 spriggans
  A spriggan (shapeshifter) (D:15)
  31 yaks
  A fire elemental (D:12)
  3 wyverns
  3 water elementals (D:14)
  2 basilisks (Lair:3)
  2 steam dragons (D:10)
  Grum (D:8)
  9 nagas
  10 vampire mosquitoes
  A warg (shapeshifter) (D:14)
  3 wargs (Orc:1)
  5 insubstantial wisps (Swamp:1)
  17 swamp worms
  14 water moccasins
  4 hell hounds (D:12)
  4 porcupines
  7 swamp drakes
  2 sky beasts
  26 orc warriors
  A meliai simulacrum (D:15)
  2 necrophages
  12 ogres
  6 phantoms
  2 ice beasts
  6 centaurs
  An eye of draining (D:12)
  12 wolves
  10 crocodiles
  4 big kobolds
  Blork the orc (D:4)
  4 bullfrogs
  A wyvern zombie (D:7)
  3 wyvern skeletons
  A knight (D:13)
  3 scorpions
  35 killer bees
  2 howler monkeys
  8 wights
  3 electric eels (D:14)
  4 crimson imps
  2 quasits
  4 bullfrog zombies
  8 hounds
  32 orc priests
  2 bullfrog skeletons
  A gnoll shaman (D:8)
  4 jellies
  4 iguanas
  Jessica (D:3)
  A centaur skeleton (D:6)
  39 orc wizards
  Natasha (thrice) (D:3)
  6 worker ants
  4 big kobold zombies (Ossuary)
  2 hound zombies
  A mummy (Ossuary)
  A howler monkey zombie (D:7)
  5 worker ant zombies
  10 gnolls
  13 adders
  3 shadow imps
  5 oozes
  An adder zombie (D:9)
  3 adder skeletons
  5 worms
  2 dart slugs
  5 leopard geckos
  108 orcs
  A spectral bat (Ossuary)
  6 giant cockroaches
  6 gnoll zombies (Ossuary)
  8 goblins
  8 hobgoblins
  9 jackals
  A quokka (D:3)
  8 bats
  3 bat simulacra (Ossuary)
  6 frilled lizards
  A goblin simulacrum (Ossuary)
  2 goblin zombies (Ossuary)
  2 hobgoblin zombies (Ossuary)
  A jackal skeleton (D:2)
  14 kobolds
  A kobold simulacrum (Ossuary)
  7 kobold zombies (Ossuary)
  5 orc zombies (Ossuary)
  2 quokka skeletons
  6 rats
  3 rat simulacra (Ossuary)
  3 spectral goblins (Ossuary)
  4 spectral kobolds (Ossuary)
  A spectral rat (Ossuary)
  A briar patch (Swamp:2)
  A fungus (Lair:3)
850 creatures vanquished.

Vanquished Creatures (collateral kills)
  A thorn hunter (Swamp:2)
  Roxanne (D:14)
  2 orc warlords
  A very ugly thing (Swamp:1)
  2 dire elephants (Lair:6)
  Azrael (D:12)
  10 hydras
  A ghost crab (Swamp:3)
  5 vault guards (D:13)
  2 anacondas
  A two-headed ogre (Orc:2)
  3 death yaks (Lair:6)
  A tengu warrior (D:15)
  2 orc high priests (Orc:2)
  2 naga sharpshooters (Snake:2)
  3 sea snakes (Snake:3)
  3 swamp dragons
  A shambling mangrove (Swamp:1)
  3 orc knights (Orc:2)
  3 orc sorcerers (Orc:2)
  A salamander (Snake:1)
  4 ugly things (Swamp:1)
  16 elephants
  3 black mambas
  A centaur zombie (D:14)
  A torpor snail (Lair:5)
  4 spiny frogs
  A guardian serpent (Snake:2)
  A rime drake (Lair:6)
  2 komodo dragons
  A troll (D:12)
  A polar bear (Lair:6)
  2 tyrant leeches
  A raiju (shapeshifter) (D:15)
  6 hornets
  9 slime creatures
  4 blink frogs (Lair:5)
  3 bog bodies
  5 hippogriffs
  A redback (shapeshifter) (D:15)
  A water elemental (D:14)
  A basilisk (Lair:4)
  4 wyverns (Lair:3)
  10 yaks
  A wraith (D:12)
  A hungry ghost (D:12)
  8 swamp worms
  An insubstantial wisp (Swamp:1)
  4 nagas
  5 vampire mosquitoes
  3 wargs
  A water moccasin (Lair:3)
  A sky beast (D:12)
  19 orc warriors
  A black bear (Lair:3)
  4 swamp drakes
  An ogre (D:10)
  3 wolves
  3 crocodiles
  A bullfrog (Lair:4)
  14 killer bees
  A howler monkey (D:10)
  A bullfrog zombie (D:9)
  A quasit (D:10)
  A hound (D:9)
  7 orc wizards
  5 orc priests
  A jelly (D:9)
  A bullfrog skeleton (D:13)
  An iguana (D:12)
  2 worker ants
  A gnoll (Orc:1)
  An adder skeleton (D:8)
  A worm (D:13)
  27 orcs
  2 kobolds (D:8)
  2 briar patches (Swamp:2)
  7 plants
264 creatures vanquished.

Vanquished Creatures (others)
  20 knights
  7 ancestors
  2 gnoll zombies (Ossuary)
  A goblin zombie (Ossuary)
  A kobold zombie (Ossuary)
  A bush (Lair:6)
  72 fungi
  47 plants
151 creatures vanquished.

Grand Total: 1265 creatures vanquished

Notes
Turn   | Place    | Note
-------+----------+-------------------------------------------
     0 | D:1      | ManMan the Felid Mummy Earth Elementalist began the quest for the Orb.
     0 | D:1      | Reached XP level 1. HP: 7/7 MP: 5/5
   190 | D:1      | Reached XP level 2. HP: 11/11 MP: 4/7
  1008 | D:1      | Reached XP level 3. HP: 14/14 MP: 7/9
  1148 | D:1      | Learned a level 3 spell: Stone Arrow
  1733 | D:2      | Reached skill level 1 in Conjurations
  2516 | D:2      | Noticed Terence
  2731 | D:2      | Reached XP level 4. HP: 18/18 MP: 9/11
  3411 | D:3      | Reached XP level 5. HP: 21/21 MP: 9/13
  3589 | D:3      | Noticed Natasha
  3593 | D:3      | Killed Natasha
  3717 | D:3      | Noticed Natasha
  3721 | D:3      | Killed Natasha
  3721 | D:3      | Reached skill level 5 in Spellcasting
  3907 | D:3      | Noticed Natasha
  3910 | D:3      | Killed Natasha
  4002 | D:3      | Noticed Jessica
  4105 | D:3      | Killed Jessica
  4311 | D:3      | Reached XP level 6. HP: 24/24 MP: 10/14
  4771 | D:3      | Learned a level 5 spell: Lee's Rapid Deconstruction
  5036 | D:4      | Found a sand-covered staircase.
  5041 | Ossuary  | Entered an ossuary
  6933 | D:4      | Noticed Blork the orc
  6979 | D:4      | Noticed Sigmund
  6983 | D:4      | Killed Sigmund
  6983 | D:4      | Reached skill level 5 in Earth Magic
  6983 | D:4      | Reached XP level 7. HP: 27/27 MP: 6/17
  7505 | D:5      | Entered Level 5 of the Dungeon
  7639 | D:4      | Killed Blork the orc
  8275 | D:5      | HP: 1/27 [orc wizard/magic dart (7)]
  8936 | D:5      | Reached XP level 8. HP: 31/31 MP: 9/19
 13464 | D:6      | Reached XP level 9. HP: 34/34 MP: 8/22
 13561 | D:6      | Learned a level 4 spell: Petrify
 13575 | D:6      | Reached skill level 1 in Transmutations
 14120 | D:6      | Identified a scroll of acquirement
 14121 | D:6      | Hmmm
 14121 | D:6      | What should I acquire?
 14122 | D:6      | Got a clouded glass ring
 14126 | D:6      | Identified the ring of Zorr {rPois rF+ rC- rN+ Int+4} (You acquired it on level 6 of the Dungeon)
 14202 | D:6      | Found Osaax's Magic Scroll Boutique.
 14330 | D:6      | Tfw you get a D:7 Temple on the worst species ever made
 14331 | D:7      | Found Kamar's Book Shoppe.
 14368 | D:7      | Necronomicon
 14368 | D:7      | Interesting
 14369 | D:7      | Not for a long time though
 14607 | D:7      | Found a staircase to the Ecumenical Temple.
 14616 | Temple   | Entered the Ecumenical Temple
 14644 | Temple   | Became a worshipper of Hepliaklqana the Forgotten
 14645 | Temple   | I just played an OpEE^Hep
 14645 | Temple   | LRD is sick with your ancestor
 16813 | D:8      | Found a stormy altar of Qazlal.
 16972 | D:8      | Found Sovijarch's Book Boutique.
 16986 | D:8      | Found a staircase to the Lair.
 17101 | D:8      | Noticed Gastronok
 17102 | D:8      | shit
 17102 | D:8      | airstrike
 17102 | D:8      | RIP
 17102 | D:8      | and smite
 17102 | D:8      | nice RNG
 17272 | D:8      | Reached * piety under Hepliaklqana
 17574 | D:8      | Noticed Grum
 17588 | D:8      | Reached skill level 10 in Spellcasting
 17590 | D:8      | Killed Grum
 17590 | D:8      | Reached skill level 1 in Fighting
 17590 | D:8      | Reached XP level 10. HP: 35/35 MP: 8/25
 17777 | D:8      | Found Polulu's Assorted Antiques.
 18310 | D:8      | Reached skill level 2 in Fighting
 18845 | D:9      | Noticed Erolcha
 18845 | D:9      | oof
 18845 | D:9      | Erolcha
 18859 | D:9      | Killed Erolcha
 18859 | D:9      | Reached skill level 3 in Fighting
 19163 | D:9      | 1:23 and still now Lair
 19163 | D:9      | This is some zxc-tier play
 19163 | D:9      | Upgraded the game from v1.0-2-g653bf2d to v1.0-3-g0d6430d
 19290 | D:9      | Reached skill level 4 in Fighting
 19551 | D:9      | Noticed a two-headed ogre
 19766 | D:9      | Killed a two-headed ogre
 19926 | D:9      | Noticed a deep elf mage
 19929 | D:9      | Killed a deep elf mage
 19929 | D:9      | Reached skill level 5 in Fighting
 20000 | D:9      | Reached skill level 5 in Dodging
 20000 | D:9      | Reached skill level 10 in Earth Magic
 20517 | D:9      | Noticed a deep elf mage
 20519 | D:9      | Killed a deep elf mage
 20519 | D:9      | Reached XP level 11. HP: 43/43 MP: 13/26
 20667 | D:9      | Reached skill level 6 in Fighting
 21029 | D:9      | Noticed an orc sorcerer
 21057 | D:9      | Killed an orc sorcerer
 21081 | D:9      | Noticed a centaur warrior
 21089 | D:9      | Killed a centaur warrior
 21694 | D:9      | Reached skill level 7 in Fighting
 21998 | D:9      | Identified the Disquisition on Excruciating Ignition
 22004 | D:9      | Learned a level 3 spell: Conjure Flame
 22009 | D:9      | Learned a level 4 spell: Sticky Flame
 22146 | D:10     | Entered Level 10 of the Dungeon
 22473 | D:10     | Reached skill level 1 in Fire Magic
 22925 | D:10     | Noticed a two-headed ogre
 22945 | D:10     | Killed a two-headed ogre
 23045 | D:10     | Noticed a two-headed ogre
 23053 | D:10     | Killed a two-headed ogre
 23264 | D:10     | Reached ** piety under Hepliaklqana
 23264 | D:10     | Noticed Urug
 23455 | D:10     | Remembered your ancestor Cuckold as a knight
 23632 | D:10     | Noticed a two-headed ogre
 23636 | D:10     | Killed a two-headed ogre
 24312 | D:10     | Killed Urug
 24312 | D:10     | Reached skill level 8 in Fighting
 24312 | D:10     | Reached skill level 5 in Conjurations
 24398 | D:10     | Noticed a two-headed ogre
 24483 | D:10     | Killed a two-headed ogre
 24483 | D:10     | Reached XP level 12. HP: 47/49 MP: 3/27
 25080 | Lair:1   | Entered Level 1 of the Lair of Beasts
 25277 | Lair:1   | Learned a level 3 spell: Mephitic Cloud
 25378 | D:8      | Bought a book of Callings for 480 gold pieces
 25383 | D:8      | Learned a level 4 spell: Summon Lightning Spire
 25602 | Lair:1   | Reached skill level 1 in Summonings
 25602 | Lair:1   | Reached skill level 1 in Air Magic
 25943 | Lair:1   | book of summoning
 25943 | Lair:1   | nice
 25964 | Lair:1   | Noticed a six-headed hydra
 25968 | Lair:1   | Killed a six-headed hydra
 27612 | Lair:2   | Reached *** piety under Hepliaklqana
 27836 | Lair:2   | Noticed a dire elephant
 27844 | Lair:2   | Killed a dire elephant
 28529 | Lair:3   | Reached skill level 9 in Fighting
 28546 | Lair:3   | Reached skill level 5 in Summonings
 28546 | Lair:3   | Gained mutation: You are in touch with the powers of death. [Felid Mummy growth]
 28546 | Lair:3   | Reached XP level 13. HP: 54/54 MP: 1/28
 28678 | Lair:3   | Reached skill level 5 in Air Magic
 28860 | Lair:3   | the book of power
 28861 | Lair:3   | gg
 28868 | Lair:3   | Learned a level 5 spell: Iskenderun's Battlesphere
 29098 | Lair:3   | Reached skill level 1 in Charms
 29187 | Lair:3   | Reached **** piety under Hepliaklqana
 29340 | Lair:3   | Found a staircase to the Swamp.
 31922 | Lair:4   | Found a staircase to the Snake Pit.
 32297 | Lair:4   | Reached ***** piety under Hepliaklqana
 33490 | Lair:5   | Reached skill level 1 in Invocations
 34408 | Lair:6   | Entered Level 6 of the Lair of Beasts
 36672 | D:12     | So autoexploring doesn't seem to be an option
 36672 | D:12     | ...this is going to be a looong game
 36961 | D:12     | Found a shadowy altar of Dithmenos.
 37048 | D:12     | Noticed Azrael
 37049 | D:12     | Oh jesus
 37049 | D:12     | hellfire boy
 37092 | D:12     | Killed Azrael
 37922 | D:12     | Reached XP level 14. HP: 58/58 MP: 17/29
 38005 | D:12     | Found a staircase to the Orcish Mines.
 38114 | D:12     | guardian spirit!
 38160 | D:13     | Learned a level 2 spell: Blink
 38169 | D:13     | Found a gate to the Vaults.
 38176 | D:13     | Reached skill level 1 in Translocations
 38615 | D:12     | Reached skill level 10 in Fighting
 39392 | D:12     | Found a staircase to the Orcish Mines.
 39541 | D:12     | Found a shadowy altar of Dithmenos.
 41685 | D:14     | Reached ****** piety under Hepliaklqana
 41739 | D:14     | Reached skill level 5 in Invocations
 43139 | D:14     | Noticed Roxanne
 43934 | Lair:6   | Reached skill level 1 in Poison Magic
 44907 | Lair:6   | Found a staircase to the Slime Pits.
 47037 | Lair:6   | Found a staircase to the Slime Pits.
 47717 | Lair:6   | Reached skill level 11 in Fighting
 47728 | Lair:6   | Reached XP level 15. HP: 53/63 MP: 11/32
 49138 | Lair:6   | random energy
 49138 | Lair:6   | ugh
 50241 | Lair:6   | I'm spamming 5 on the stairs so the dire elephants come to me
 50241 | Lair:6   | Truly I have reached peak degeneracy
 51204 | Lair:6   | Found a staircase to the Slime Pits.
 51869 | Lair:6   | Got a vibrating golden amulet
 51870 | Lair:6   | Identified the amulet "Peloppeo" {Gourm rN+ MP+9 Str+4 Dex-5} (You found it on level 6 of the Lair of Beasts)
 52070 | Lair:6   | Found a staircase to the Slime Pits.
 52995 | Orc:1    | Entered Level 1 of the Orcish Mines
 52995 | Orc:1    | Noticed an orc warlord
 52996 | Orc:1    | Nice orc entrance
 53051 | Orc:1    | Killed an orc warlord
 53188 | Orc:1    | Found Sakkaf's Food Shop.
 53380 | Orc:1    | Found Higoitru's Assorted Antiques.
 53465 | Orc:2    | Entered Level 2 of the Orcish Mines
 53994 | Orc:2    | Found a staircase to the Elven Halls.
 54767 | Orc:2    | Reached skill level 1 in Evocations
 55824 | Orc:2    | Reached skill level 12 in Fighting
 57241 | Orc:2    | Noticed an orc warlord
 57252 | Orc:2    | Killed an orc warlord
 58046 | Orc:2    | Found Cugaumil's General Store.
 58047 | Orc:2    | Found Jafodd's Jewellery Shop.
 58048 | Orc:2    | Found Nishrieki's Antique Armour Boutique.
 58048 | Orc:2    | Found Emerururgh's Antique Weapon Boutique.
 58063 | Orc:2    | Jewellery shop :pogchamp:
 58063 | Orc:2    | Bought the ring "Vevun" {rF+ Dex+2 Slay+2 SInv} for 564 gold pieces
 58066 | Orc:2    | Bought a cursed ring of protection from magic for 286 gold pieces
 58067 | Orc:2    | Bought 23 stones for 36 gold pieces
 58067 | Orc:2    | Bought 18 stones for 28 gold pieces
 58269 | Orc:1    | Found Kuda's Antique Weapon Shoppe.
 58876 | D:14     | Killed Roxanne
 59016 | D:15     | Entered Level 15 of the Dungeon
 61015 | D:15     | Found a staircase to the Depths.
 61241 | D:15     | Learned a level 6 spell: Iron Shot
 61445 | Swamp:1  | Entered Level 1 of the Swamp
 61446 | Swamp:1  | 4 hours in and I'm just starting my first Lair branch
 61446 | Swamp:1  | This is quite the experience
 62373 | Swamp:1  | Reached skill level 10 in Dodging
 62842 | Swamp:1  | Got a twitching graven amulet
 62843 | Swamp:1  | Identified the amulet of Soretaf {Harm -Tele *Drain rPois Str+4 Int+4 Dex+8} (You acquired it on level 1 of the Swamp)
 62873 | Swamp:1  | Reached XP level 16. HP: 69/69 MP: 27/33
 64845 | Swamp:2  | Noticed a thorn hunter
 64855 | Swamp:2  | Killed a thorn hunter
 65073 | Swamp:2  | wtf is happening
 65073 | Swamp:2  | swamp worm convention
 67724 | Swamp:4  | Entered Level 4 of the Swamp
 68203 | Swamp:4  | Reached skill level 10 in Conjurations
 70584 | Swamp:4  | LOL
 70584 | Swamp:4  | Lerny
 70584 | Swamp:4  | Jokes on you, regular 8-headed hydras one-shot me anyway
 70778 | Swamp:4  | Got a decaying rune of Zot
 71009 | Snake:1  | Entered Level 1 of the Snake Pit
 74245 | Snake:2  | Noticed Aizul
 74252 | Snake:2  | Killed Aizul
 74252 | Snake:2  | Reached XP level 17. HP: 72/72 MP: 0/34
 74714 | Snake:2  | Found Mourot's Gadget Shoppe.
 74717 | Snake:2  | Bought a wand of digging (14) for 612 gold pieces
 74926 | Snake:3  | Reached skill level 13 in Fighting
 75106 | Snake:3  | Noticed Bai Suzhen
 75376 | Snake:3  | RIP?
 75376 | Snake:3  | Shot with an arrow by a naga sharpshooter

Skill      XL: |  1  2  3  4  5  6  7  8  9 10 11 12 13 14 15 16 17 |
---------------+----------------------------------------------------+-----
Spellcasting   | 3 4 5 6 7 8 10 12 | 12.7
Earth Magic    | 3 4 5 6 7 9 10 11 12 | 12.0
Conjurations   | 1 2 3 5 6 8 10 | 10.6
Transmutations | 2 |  2.1
Fighting       | 1 5 8 9 11 12 13 | 13.0
Dodging        | 2 5 7 9 10 | 10.4
Fire Magic     | 3 |  3.1
Summonings     | 5 |  5.1
Air Magic      | 4 5 |  5.0
Charms         | 4 |  4.0
Invocations    | 3 7 8 |  8.7
Translocations | 2 3 |  3.0
Poison Magic   | 1 |  1.0
Evocations     | 3 |  3.0
Stealth        | |  1.5

Action                   |  1- 3 |  4- 6 |  7- 9 | 10-12 | 13-15 | 16-18 || total
-------------------------+-------+-------+-------+-------+-------+-------++-------
Melee: Unarmed           |    21 |     3 |     4 |     7 |    40 |     2 ||    77
 Cast: Sandblast         |    51 |    92 |    64 |    36 |   186 |   108 ||   537
       Stone Arrow       |     9 |    64 |   165 |   153 |   319 |       ||   710
       Lee's Rapid Decon |       |       |    21 |   107 |   203 |    45 ||   376
       Sticky Flame      |       |       |       |    29 |    51 |     1 ||    81
       Summon Lightning  |       |       |       |     9 |    83 |    41 ||   133
       Petrify           |       |       |       |     1 |       |       ||     1
       Iskenderun's Batt |       |       |       |       |    91 |    55 ||   146
       Conjure Flame     |       |       |       |       |     1 |       ||     1
       Blink             |       |       |       |       |    10 |     7 ||    17
       Iron Shot         |       |       |       |       |    18 |   127 ||   145
       Mephitic Cloud    |       |       |       |       |     1 |       ||     1
Invok: Ancestor Identity |       |       |     2 |       |       |       ||     2
       Recall Ancestor   |       |       |       |     6 |    13 |     2 ||    21
       Ancestor Life: Kn |       |       |       |     1 |       |       ||     1
       Idealise          |       |       |       |       |    12 |     7 ||    19
Evoke: Wand              |       |       |     9 |     7 |    31 |     6 ||    53
       Phial of floods   |       |       |       |     1 |     2 |       ||     3
  Use: Scroll            |     1 |     8 |    10 |     1 |    17 |     3 ||    40
 Stab: Sleeping          |     1 |       |       |       |       |       ||     1
       Distracted        |       |       |       |     1 |     1 |       ||     2
       Petrified         |       |       |       |     1 |       |       ||     1
Dodge: Dodged            |    38 |    36 |    58 |   122 |   262 |   117 ||   633
